AoeStats
← 吐司_ARIES

MegaRandom

504019201Analyzed
3v3 RM · 27d ago on Sep 3, 2026· 44m 39s· 6 players
Game mode
Random Map
Map size
Normal (6 player)
Population
200
Speed
Normal
Resources
Standard
Victory
Conquest
Starting age
Dark Age
Ending age
Imperial Age
RankedLock teamsTeams togetherTeam positionsShared explorationLock speedFull tech treeHidden civsTurbo modeCheats
Victory
Defeat
🇬🇷 Burgundians · Greece
1172
+10
🇹🇼 Malay · Taiwan
1133
+12
🇹🇼 Persians · Taiwan
1116
+14
🇦🇺 Persians · Australia
1040
-12
🇦🇺 Italians · Australia
1040
-12
🇦🇺 Goths · Australia
1040
-12
軍 團 兵 2 號
9:07 Loom
11:39 Feudal Age
15:11 Castle Age
13:42 Double-Bit Axe
15:06 Horse Collar
15:59 Heavy Plow
16:23 Bow Saw
20:02 Wheelbarrow
20:16 Gold Mining
21:36 Gold Shaft Mining
25:09 Forging
25:36 Scale Barding Armor
25:40 Husbandry
27:30 Iron Casting
32:03 Stone Mining
35:27 Fletching
35:46 Padded Archer Armor
36:14 Bodkin Arrow
37:53 Hand Cart
aLaNi
3:18 Loom
11:30 Feudal Age
10:34 Double-Bit Axe
10:33 Horse Collar
20:33 Castle Age
19:03 Heavy Plow
18:57 Gold Mining
19:34 Scale Barding Armor
20:29 Forging
20:44 Cavalier
22:55 Iron Casting
26:44 Husbandry
27:34 Wheelbarrow
27:05 Scale Mail Armor
29:01 Chain Mail Armor
28:52 Man-at-Arms
32:25 Arson
37:26 Imperial Age
35:03 Padded Archer Armor
34:54 Fletching
37:22 Bow Saw
37:46 Burgundian Vineyards
38:28 Town Watch
39:03 Leather Archer Armor
38:44 Bodkin Arrow
39:45 Paladin
39:47 Light Cavalry
40:22 Elite Skirmisher
41:19 Bracer
42:20 Blast Furnace
42:38 Pikeman
43:26 Squires
43:58 Plate Mail Armor
44:32 Halberdier
吐司_ARIES
9:52 Feudal Age
9:48 Loom
14:43 Castle Age
13:13 Double-Bit Axe
14:22 Horse Collar
21:37 Bow Saw
24:26 Heavy Plow
26:04 Wheelbarrow
26:46 Scale Barding Armor
26:51 Forging
29:46 Bloodlines
29:37 Husbandry
30:10 Hand Cart
35:44 Imperial Age
34:47 Iron Casting
35:24 Cavalier
37:18 Chain Barding Armor
37:58 Blast Furnace
37:48 Crop Rotation
38:22 Two-Man Saw
37:26 Savar
41:11 Plate Barding Armor
FlankTank
5:35 Loom
10:52 Feudal Age
11:36 Double-Bit Axe
11:48 Horse Collar
19:20 Castle Age
17:28 Fletching
17:54 Forging
19:01 Scale Barding Armor
20:20 Heavy Plow
20:31 Bow Saw
21:16 Stone Mining
24:02 Pikeman
26:01 Wheelbarrow
26:04 Fletching
28:34 Hand Cart
30:00 Bodkin Arrow
30:17 Padded Archer Armor
31:52 Leather Archer Armor
31:58 Scale Mail Armor
35:10 Imperial Age
34:47 Iron Casting
34:16 Squires
35:11 Ballistics
35:56 Bracer
36:26 Ring Archer Armor
36:58 Chemistry
36:58 Town Watch
37:44 Conscription
38:57 Hoardings
38:59 Chain Mail Armor
41:05 Masonry
42:17 Plate Mail Armor
Hawk9710
5:44 Loom
15:35 Feudal Age
16:03 Horse Collar
16:12 Double-Bit Axe
15:52 Man-at-Arms
20:54 Castle Age
20:06 Forging
19:57 Scale Mail Armor
21:55 Squires
21:16 Long Swordsman
22:37 Iron Casting
23:39 Pikeman
30:05 Wheelbarrow
30:09 Bow Saw
32:54 Town Watch
T!ts-Ron
11:27 Loom
15:24 Feudal Age
18:55 Gold Mining
18:56 Stone Mining
18:50 Horse Collar
19:00 Double-Bit Axe
25:47 Castle Age
27:04 Bow Saw
30:52 Imperial Age
29:02 Kamandaran
29:17 Thumb Ring
28:33 Crossbowman
31:50 Hoardings
31:36 Conscription
33:19 Husbandry
34:48 Scale Barding Armor
34:44 Scale Mail Armor
34:22 Elite Skirmisher
36:18 Fletching
36:45 Heavy Plow
38:08 Citadels
38:19 Chain Mail Armor
41:17 Forging
43:54 Cavalier
Connection lost

Rejoining the realm…

Still unreachable

The connection could not be restored.

Session expired

The server has moved on; the page needs a fresh start.